 Dungeon Crawl Stone Soup version 0.18.1-48-g4cf74bf (webtiles) character file.

87 Inkary the Ruffian (level 4, -1/38 HPs)
             Began as a Ghoul Gladiator on Sept 6, 2016.
             Was an Initiate of Makhleb.
             Slain by a scorpion (5 damage)
             ... on level 3 of the Dungeon.
             The game lasted 00:03:12 (1935 turns).

Inkary the Ruffian (Ghoul Gladiator)                Turns: 1935, Time: 00:03:13

Health: -1/38      AC:  4    Str: 18    XL:     4   Next: 51%
Magic:  3/3        EV: 12    Int:  3    God:    Makhleb [......]
Gold:   92         SH:  0    Dex: 10    Spells: 0 memorised, 3 levels left

rFire  . . .     SeeInvis .       - Unarmed
rCold  + . .     Gourm    .     a - +0 leather armour
rNeg   + + +     Faith    .     (no shield)
rPois  ∞         Spirit   .     b - +0 helmet
rElec  .         Dismiss  .     (no cloak)
rCorr  .         Reflect  .     (no gloves)
SustAt .         Harm     .     (no boots)
MR     .....                    (no amulet)
Stlth  +.........               (no ring)
                                (no ring)

@: rotting, not resistant to hostile enchantments, very unstealthy
A: rotting body, claws 1, carnivore 3, cold resistance 1, negative energy
resistance 3, slow regeneration 1, torment resistance, unbreathing
a: Renounce Religion


You were on level 3 of the Dungeon.
You worshipped Makhleb.
Makhleb was noncommittal.
You were not hungry.

You visited 1 branch of the dungeon, and saw 3 of its levels.

You collected 92 gold pieces.

Inventory:

Missiles
 c - 3 throwing nets (quivered)
 i - 8 javelins
Armour
 a - a +0 leather armour (worn)
 b - a +0 helmet (worn)
Wands
 n - a wand of lightning (8/15)
 p - a wand of flame (14/48)
Scrolls
 e - a scroll of magic mapping {unknown}
 g - 3 scrolls of remove curse {unknown}
 k - a scroll of fog {unknown}
 m - a scroll of immolation {unknown}
Potions
 f - a potion of lignification {unknown}
 h - a potion of flight {unknown}
 j - 2 potions of degeneration {unknown}
 l - a potion of invisibility {unknown}
Comestibles
 d - 2 meat rations
 o - 7 chunks of flesh


   Skills:
 + Level 3.0 Fighting
 - Level 1.7 Throwing
 + Level 1.6 Armour
 + Level 3.3 Dodging
 + Level 3.8 Unarmed Combat


You had 3 spell levels left.
You didn't know any spells.

Dungeon Overview and Level Annotations

Branches:
Dungeon (3/15)

Altars:
Cheibriados
Makhleb

Annotations:
D:3 appiemonkey's ghost, amateur TrCK


Innate Abilities, Weirdness & Mutations

Your body is rotting away.
You thrive on raw meat.
You are immune to poison.
You have sharp fingernails.
You are carnivorous and can eat meat at any time.
Your flesh is cold resistant.
You are immune to negative energy.
You regenerate slowly when monsters are visible.
You are immune to unholy pain and torment.
You can survive without breathing.


Message History

You continue eating.
The scorpion stings you.
You continue eating.
The scorpion stings you.
* * * LOW HITPOINT WARNING * * *
You closely miss the scorpion. The scorpion stings you!
* * * LOW HITPOINT WARNING * * *
You scratch the scorpion but do no damage.
The scorpion stings you.
* * * LOW HITPOINT WARNING * * *
Unknown command.
Drink which item? (? for menu, Esc to quit)
Okay, then.
Eat one of 8 chunks of flesh? (ye/n/q/i?) This raw flesh tastes great!
The scorpion closely misses you.
You continue eating.
The scorpion misses you.
You continue eating.
The scorpion stings you.
You die...

#.##.....W.....#
#.##.#.##...#..#
#.##.#......##.# #. #
#####..# .# #. ...# .# ##.#
.# .##.#
######################....#.
#>..(...........@sws........
#####.#.###..######.#.#####.
#.#.# ##.....##.#.# #.#.#
#..##.##.#.# #.#.#
#..##.##.#?#
#.#.####..##.##.#.# ###
#.#.......#..##.#.#
..###.#######.#.###.#.#
._∩##.................


You could see a worm, a scorpion and a giant cockroach.

Vanquished Creatures
  A hound (D:3)
  2 dart slugs
  2 giant geckos
  5 hobgoblins
  6 jackals
  A quokka (D:2)
  9 bats
  3 giant newts
  9 goblins
  7 kobolds
  7 rats
52 creatures vanquished.

Notes
Turn   | Place    | Note
--------------------------------------------------------------
     0 | D:1      | Inkary the Ghoul Gladiator began the quest for the Orb.
     0 | D:1      | Reached XP level 1. HP: 17/17 MP: 0/0
   250 | D:1      | Reached XP level 2. HP: 24/25 MP: 1/1
   700 | D:1      | Reached XP level 3. HP: 25/30 MP: 2/2
   817 | D:2      | Reached skill level 1 in Armour
  1345 | D:2      | Found a snail-covered altar of Cheibriados.
  1527 | D:3      | Noticed appiemonkey's ghost (amateur TrCK)
  1643 | D:3      | Found a faded altar to an unknown god.
  1822 | D:3      | Reached XP level 4. HP: 26/38 MP: 3/3
  1835 | D:3      | Found a burning altar of Makhleb.
  1845 | D:3      | Became a worshipper of Makhleb the Destroyer
  1932 | D:3      | HP: 1/38 [scorpion (2)]
  1935 | D:3      | Slain by a scorpion

Skill      XL: |  1  2  3 |
---------------+----------+-----
Dodging        | 3 |  3.3
Armour         | 1 |  1.6
Fighting       | 3 |  3.0
Throwing       | |  1.7
Unarmed Combat | |  3.8

Action                   |  1- 3 |  4- 6 || total
-------------------------+-------+-------++-------
Melee: Unarmed           |   148 |    12 ||   160
       Punch             |     1 |       ||     1
  Eat: Chunk             |     6 |     3 ||     9
Armor: Leather armour    |    36 |     1 ||    37
Dodge: Dodged            |    96 |     8 ||   104
